 Dungeon Sprint DCSS version 0.31-a0-276-ge00219d475 (webtiles) character file.

Game seed: 2294140512348133775

991 Conn the Arsonist (level 8, -6/48 HPs)
             Began as an Octopode Fire Elementalist on July 15, 2023.
             Was a Follower of Sif Muna.
             Killed by an exploding shadow (42 damage)
             ... ignited by their inner flame
             ... in the Dungeon (Sprint III: "The Ten Rune Challenge").
             The game lasted 00:04:56 (819 turns).

Conn the Arsonist (Octopode Fire Elementalist)       Turns: 819, Time: 00:04:57

Health: -6/48      AC:  1    Str:  8    XL:     8   Next: 18%
Magic:  10/21      EV: 14    Int: 19    God:    Sif Muna [*.....]
Gold:   38         SH:  0    Dex: 12    Spells: 15/26 levels left

rFire   . . .        c - +0 long sword (holy)
rCold   . . .        (no shield)
rNeg    . . .        (helmet restricted)
rPois   .            (no amulet)
rElec   .            (no ring)
rCorr   .            (no ring)
SInv    .            (no ring)
Will    .....        (no ring)
Stlth   ++++         (no ring)
HPRegen 0.28/turn    (no ring)
MPRegen 0.17/turn    (no ring)
                     (no ring)

%: no teleportation, clarity
@: no status effects
A: almost no armour, amphibious, 8 rings, camouflage 1, gelatinous body 1,
(nimble swimmer 1), tentacles, tentacle spike 1, clarity, wild magic 1
a: Renounce Religion, Channel Magic


You were in the Dungeon.
You worshipped Sif Muna.
Sif Muna was aware of your devotion.
You visited 1 branch You collected 38 gold pieces.

Inventory:

Hand Weapons
 c - a +0 long sword of holy wrath (weapon)
 g - a +0 dagger
Scrolls
 i - a scroll of torment
 m - a scroll of immolation
Potions
 a - 3 potions of magic
 b - 2 potions of curing
 d - a potion of heal wounds
 e - a potion of berserk rage
 h - a potion of mutation
 k - a potion of might
 l - 3 potions of enlightenment


   Skills:
 + Level 1.3 Fighting
 + Level 5.4 Dodging
 + Level 6.5 Stealth
 * Level 9.5 Spellcasting
 * Level 4.2 Conjurations
 + Level 1.3 Hexes
 + Level 12.0 Fire Magic
 * Level 0.9 Invocations


You had 15 spell levels left.
You knew the following spells:

 Your Spells              Type           Power      Damage    Failure   Level
a - Foxfire               Conj/Fire      100%       2x1d9     1%          1
b - Scorch                Fire           100%       2d9       1%          2
c - Inner Flame           Hex/Fire       44%        N/A       3%          3
d - Flame Wave            Conj/Fire      51%        2d13      4%          4
e - Slow                  Hex            72%        N/A       8%          1

Your spell library contained the following spells:

 Spells                   Type           Power      Damage    Failure   Level
 Volatile Blastmotes      Fire/Tloc      82%        2d16      3%          3
 Confusing Touch          Hex            18%        N/A       21%         3
 Vampiric Draining        Necr           11%        2d6       32%         3


Dungeon Overview and Level Annotations

Branches:
Dungeon (1/1)

Altars:
Dithmenos
Elyvilon
Kikubaaqudgha
Okawaru
Ru
Sif Muna
Trog
Uskayaw
Vehumet
Wu Jian
Yredelemnul
Zin
The Shining One


Innate Abilities, Weirdness & Mutations

You cannot wear most types of armour.
You are amphibious.
You can wear up to eight rings at the same time.
Your skin changes colour to match your surroundings (Stealth+).
Your rubbery body absorbs attacks. (AC +1, EV +1)
((You are camouflaged when in or above water. (Stealth+)))
You have tentacles for arms and can constrict up to eight enemies at once.
One of your tentacles bears a spike.
You possess an exceptional clarity of mind.
Your spells are a little harder to cast, but a little more powerful.


Message History

There is a basalt altar of Yredelemnul here.
There is an open door here.
You start resting.
HP restored.
You start resting.
Magic restored.
As you open the door, it creaks loudly!
A jelly comes into view.
A shadow comes into view.
Casting: Flame Wave (dangerous; 4% risk of failure)
Confirm with . or Enter, or press ? or * to list all spells.
Aiming: Inner Flame (dangerous; 3% risk of failure)
Press: ? - help, Dir - move target, f - shadow
Aim: a shadow (chance to affect: 81%)
The shadow barely resists.
Casting: Inner Flame (dangerous; 3% risk of failure)
Confirm with . or Enter, or press ? or * to list all spells.
Aiming: Inner Flame (dangerous; 3% risk of failure)
Press: ? - help, Dir - move target, f/p - shadow
Aim: a shadow (chance to affect: 81%)
The shadow barely resists.
The shadow barely misses you.
Casting: Inner Flame (dangerous; 3% risk of failure)
Confirm with . or Enter, or press ? or * to list all spells.
Aiming: Inner Flame (dangerous; 3% risk of failure)
Press: ? - help, Dir - move target, f/p - shadow
Aim: a shadow (chance to affect: 81%)
The shadow is filled with an inner flame.
The shadow hits you!
Unknown command.
Casting: Inner Flame (dangerous; 3% risk of failure)
Confirm with . or Enter, or press ? or * to list all spells.
Flames lash the shadow.
Flame seeps out of the shadow.
The shadow is moderately damaged.
The shadow's fire resistance burns away.
The shadow is engulfed in blazing flames.
Sif Muna accepts your kill.
You can now call upon Sif Muna for magical energy.
The shadow explodes!
The fiery explosion engulfs you!!!
Ouch! That really hurt!
You die...

▓▓▓
##.############
####..#___#___#__#
#..#..#...#__.#._#
#..#..###'#'###'##
##'#..#.......)..#
###...'.⌠......§@#
###...#[..######○#
##....#.⌠.# §§#
#.....#...# ...#
......#)### #...#
#.....#.).# #...+
##....#___# +..J#
▓▓▓▓▓▓▓▓▓▓ ▓▓▓▓▓


You could see a jelly (asleep).

Vanquished Creatures
  A deep elf pyromancer (D)
  A shadow (D)
  A necrophage (D)
  A scorpion (D)
  A water elemental (D)
  A wizard (D)
  Jessica (D)
  A necromancer (D)
  3 humans (D)
  A kobold demonologist (D)
  An endoplasm (D)
  2 rats (D)
15 creatures vanquished.

Vanquished Creatures (others)
  50 foxfires (D)
50 creatures vanquished.

Grand Total: 65 creatures vanquished

Notes
Turn   | Place    | Note
-------+----------+-------------------------------------------
     0 | D        | Conn the Octopode Fire Elementalist began the quest for the
                  | Orb.
     0 | D        | Reached XP level 1. HP: 11/11 MP: 3/3
    84 | D        | Noticed Jessica
    88 | D        | Killed Jessica
    89 | D        | Reached skill level 5 in Fire Magic
    89 | D        | Reached XP level 2. HP: 17/17 MP: 0/6
    89 | D        | Reached XP level 3. HP: 21/21 MP: 0/7
    93 | D        | Learned a level 2 spell: Scorch
    97 | D        | Learned a level 3 spell: Inner Flame
   163 | D        | Noticed a scorpion
   165 | D        | Killed a scorpion
   166 | D        | Reached skill level 6 in Fire Magic
   166 | D        | Reached XP level 4. HP: 27/27 MP: 3/10
   176 | D        | Reached skill level 7 in Fire Magic
   204 | D        | Gained mutation: One of your tentacles bears a spike.
                  | [potion of mutation]
   204 | D        | Gained mutation: Your spells are a little harder to cast,
                  | but a little more powerful. [potion of mutation]
   204 | D        | Gained mutation: You possess an exceptional clarity of
                  | mind. [potion of mutation]
   263 | D        | Learned a level 4 spell: Flame Wave
   263 | D        | Noticed a water elemental
   267 | D        | Killed a water elemental
   268 | D        | Reached skill level 5 in Stealth
   268 | D        | Reached skill level 5 in Spellcasting
   268 | D        | Reached skill level 8 in Fire Magic
   268 | D        | Reached XP level 5. HP: 31/31 MP: 4/12
   338 | D        | Noticed a human
   338 | D        | Noticed a deep elf pyromancer
   338 | D        | Noticed a human
   375 | D        | Killed a human
   376 | D        | Reached skill level 9 in Fire Magic
   376 | D        | Reached XP level 6. HP: 15/36 MP: 4/15
   497 | D        | Killed a human
   498 | D        | Reached skill level 5 in Dodging
   498 | D        | Reached skill level 10 in Fire Magic
   498 | D        | Reached XP level 7. HP: 42/42 MP: 6/18
   498 | D        | Killed a deep elf pyromancer
   499 | D        | Reached skill level 1 in Fighting
   499 | D        | Reached skill level 1 in Hexes
   499 | D        | Reached skill level 11 in Fire Magic
   499 | D        | Reached XP level 8. HP: 48/48 MP: 5/21
   621 | D        | Found a glowing silver altar of Zin.
   621 | D        | Found an ornate altar of the Wu Jian Council.
   623 | D        | Found a glowing golden altar of the Shining One.
   623 | D        | Found a white marble altar of Elyvilon.
   630 | D        | Found a hide-covered altar of Uskayaw.
   630 | D        | Found an iron altar of Okawaru.
   630 | D        | Found a bloodstained altar of Trog.
   643 | D        | Found a radiant altar of Vehumet.
   643 | D        | Found a shimmering blue altar of Sif Muna.
   643 | D        | Found an ancient bone altar of Kikubaaqudgha.
   650 | D        | Noticed a smoke demon
   727 | D        | Became a worshipper of Sif Muna the Loreminder
   738 | D        | Learned a level 1 spell: Slow
   742 | D        | Found a basalt altar of Yredelemnul.
   742 | D        | Found a shadowy altar of Dithmenos.
   742 | D        | Found a sacrificial altar of Ru.
   749 | D        | Reached skill level 12 in Fire Magic
   815 | D        | Noticed a shadow
   819 | D        | Killed a shadow
   819 | D        | Reached * piety under Sif Muna
   819 | D        | Killed by an exploding shadow... ignited by their inner
                  | flame

Illustrated notes

Levels and vault maps discovered:
D:        dungeon_sprint_mu [sprint_mu_entry_cave, sprint_mu_temple_rooms,
          sprint_mu_d1_spiders, sprint_mu_d2_genie, sprint_mu_d3_branching,
          sprint_mu_orc_legion, sprint_mu_elf_gauntlet, sprint_mu_hive_nellie,
          sprint_mu_lair_fedhas, sprint_mu_vaults_butterflies,
          sprint_mu_slime_circle, sprint_mu_shoals_archi,
          sprint_mu_snake_twists, sprint_mu_blade_basic, sprint_mu_crypt_lich,
          sprint_mu_tomb_spiral, sprint_mu_vestibule_basic,
          sprint_mu_gehenna_hellfire, sprint_mu_dis_giant,
          sprint_mu_tartarus_statrot, sprint_mu_cocytus_islands, sprint_mu_zot1]

Skill      XL: |  1  2  3  4  5  6  7  8 |
---------------+-------------------------+-----
Stealth        | 3 4 5 6 |  6.5
Spellcasting   | 3 4 5 6 7 9 |  9.5
Fire Magic     | 5 6 8 9 10 11 12 | 12.0
Dodging        | 3 4 5 |  5.4
Conjurations   | 2 3 4 |  4.2
Fighting       | 1 |  1.3
Hexes          | 1 |  1.3
Invocations    | |  0.9

Action                     |  1- 3 |  4- 6 |  7- 9 || total
---------------------------+-------+-------+-------++-------
  Melee: Unarmed           |       |     1 |       ||     1
   Cast: Foxfire           |     8 |     9 |    10 ||    27
         Scorch            |     2 |     8 |     1 ||    11
         Inner Flame       |       |     1 |     6 ||     7
         Flame Wave        |       |       |     1 ||     1
    Use: Scroll            |       |     4 |       ||     4
         Potion            |       |     4 |       ||     4
  Dodge: Dodged            |     1 |     2 |     3 ||     6

Table legend: (Time is in decaauts)
 A = Elapsed time spent in this place.
 B = Non-inter-level travel time spent in this place.
 C = Inter-level travel time spent in this place.
 D = Time resting spent in this place.
 E = Time spent auto-exploring this place.
 F = Levels seen in this place.
 G = Mean time per level.
                   A        B        C        D        E       F      G
               +--------+--------+--------+--------+--------+-----+--------+
         Total |    799 |    799 |      0 |    479 |      0 |   1 |  799.0 |
       Dungeon |    799 |    799 |      0 |    479 |      0 |   1 |  799.0 |
               +--------+--------+--------+--------+--------+-----+--------+

Top non-repeatable levels by time:
       D: 799 daAuts
